 Dungeon Crawl Stone Soup version 0.26-a0-540-g8a0c9464d7 (webtiles) character file.

Game seed: 10531490620515332001

(classic levelgen) 4527 EnegeticOcto the Cleaver (level 10, -5/81 HPs)
             Began as a Deep Dwarf Fighter on Aug 18, 2020.
             Was a Follower of Elyvilon.
             Slain by an ice devil (19 damage)
             ... summoned by an orc high priest
             ... on level 1 of the Orcish Mines.
             The game lasted 00:08:35 (1497 turns).

EnegeticOcto the Cleaver (Deep Dwarf Fighter)       Turns: 1497, Time: 00:08:36

Health: -5/81      AC: 14    Str: 23    XL:     10   Next: 17%
Magic:  11/11      EV:  4    Int:  9    God:    Elyvilon [*.....]
Gold:   136        SH:  9    Dex:  8    Spells: 9/9 levels left

rFire    . . .     SeeInvis .   a - +1 war axe
rCold    . . .     Faith    .   c - +0 kite shield
rNeg     . . .     Spirit   .   h - +0 plate armour
rPois    .         Reflect  .   j - +0 helmet
rElec    .         Harm     .   l - scarf {repulsion}
rCorr    .                      o - +1 pair of gloves
MR       +....                  (no boots)
Stlth    ..........             (no amulet)
HPRegen  0.00/turn              m - -4 ring of dexterity (curse)
MPRegen  0.12/turn              (no ring)

@: mighty, non-regenerating, hasted (expiring), repel missiles, very quick
A: damage resistance, heal wounds, sense surroundings 2, no regeneration
a: Heal Wounds, Lesser Healing, Divine Protection, Renounce Religion


You were on level 1 of the Orcish Mines.
You worshipped Elyvilon.
Elyvilon was aware of your devotion.
You visited 3 branches of the dungeon, and saw 11 of its levels.

You collected 136 gold pieces.

Inventory:

Hand Weapons
 a - a +1 war axe (weapon)
Armour
 b - a +0 scale mail
 c - a +0 kite shield (worn)
 h - a +0 plate armour (worn)
 j - a +0 helmet (worn)
 l - a scarf of repulsion (worn)
 n - a +0 cloak
 o - a +1 pair of gloves (worn)
Jewellery
 m - a cursed -4 ring of dexterity (left hand)
Potions
 d - a potion of might {@q3}
 e - a potion of degeneration {unknown}
 i - a potion of resistance {@q6}
 k - 2 potions of flight
 p - a potion of lignification {unknown}


   Skills:
 - Level 2.6 Fighting
 * Level 13.4 Axes
 - Level 3.2 Armour
 - Level 3.2 Shields
 + Level 10.2 Invocations


You had 9 spell levels left.
You didn't know any spells.
Your spell library was empty.

Dungeon Overview and Level Annotations

Branches:
Dungeon (9/15)             Temple (1/1) D:6             Orc (1/2) D:9
   Lair: D:8-11

Altars:
Ashenzari
Dithmenos
Elyvilon
Gozag
Hepliaklqana
Kikubaaqudgha
Ru
Sif Muna
Trog
Vehumet
Wu Jian
Yredelemnul
The Shining One

Shops:
D:9 [


Innate Abilities, Weirdness & Mutations

You are resistant to damage.
You can heal yourself by infusing magical energy.
You passively map the area around you.
You do not regenerate.


Message History

You block the orc warlord's attack. You block the orc warrior's attack.
Something hits you.
You slice the orc warrior!!
The orc warrior is almost dead.
You hit the orc warlord but do no damage.
You barely miss something. You slash the ogre!
You kill the ogre!
Something hits you! You block the orc high priest's attack.
You closely miss the orc warrior.
The orc warrior is almost dead.
The orc warlord blocks your attack.
You completely miss something.
Your shield and plate armour prevent you from hitting the ice devil.
You block the orc warlord's attack.
The orc warrior hits you with a cursed +0 halberd!!
* * * LOW HITPOINT WARNING * * *
You feel much better. Something hits you but does no damage.
You block the ice devil's attack.
The orc high priest hits you but does no damage.
Your magical essence is drained by the effort!
You feel much better.
The orc warlord hits you with a +2 vampiric war axe!
The orc warrior hits you with a cursed +0 halberd.
Something hits you!
The ice devil hits you but does no damage.
You closely miss the orc warrior.
The orc warrior is almost dead.
You hit the ice devil but do no damage.
Your shield and plate armour prevent you from hitting something.
You hit the orc warlord but do no damage.
You block the orc high priest's attack. Something hits you.
You block the orc warrior's attack.
The orc warlord hits you with a +2 vampiric war axe!!
* * * LOW HITPOINT WARNING * * *
You slice the orc warrior!!
You kill the orc warrior!
You hit the orc warlord but do no damage.
You completely miss something. You slash the ice devil! The ice devil hits you.
* * * LOW HITPOINT WARNING * * *
The ice devil freezes you!
* * * LOW HITPOINT WARNING * * *
You feel much better. Something hits you but does no damage.
The orc high priest hits you from afar with a +0 trident.
The orc warlord hits you with a +2 vampiric war axe.
You block the ice devil's attack.
You feel much better. Something hits you!
You block the orc high priest's attack.
Your extra speed is starting to run out.
Something hits you! The ice devil hits you. The ice devil freezes you!
* * * LOW HITPOINT WARNING * * *
The orc warlord hits you with a +2 vampiric war axe.
* * * LOW HITPOINT WARNING * * *
Items here: ( ) [ †.
You feel much better.
The orc high priest mumbles some strange prayers to Beogh.
Something hits you!
* * * LOW HITPOINT WARNING * * *
The ice devil hits you!
* * * LOW HITPOINT WARNING * * *
The ice devil freezes you!
* * * LOW HITPOINT WARNING * * *
You feel much better.
The orc warlord hits you with a +2 vampiric war axe.
The orc high priest barely misses you. Something hits you but does no damage.
You feel much better. The ice devil hits you. The ice devil freezes you!
You hit the orc high priest.
The orc high priest is lightly wounded.
You hit the ice devil. You slash something! You hit the orc warlord.
Something hits you but does no damage.
The orc warlord hits you with a +2 vampiric war axe.
The orc warlord draws strength from your wounds!
You block the orc high priest's attack.
You hit the orc high priest.
The orc high priest is lightly wounded.
The orc warlord blocks your attack.
You miss something. You slash the ice devil! The ice devil hits you!
The ice devil freezes you! Something hits you!
* * * LOW HITPOINT WARNING * * *
You feel much better.
The orc warlord hits you with a +2 vampiric war axe.
The orc warlord draws strength from your wounds!
The ice devil hits you! The ice devil freezes you!!
* * * LOW HITPOINT WARNING * * *
The orc high priest hits you with a +0 trident.
* * * LOW HITPOINT WARNING * * *
You block the ice devil's attack.
Your magical essence is drained by the effort!
You feel much better. Something hits you!!
* * * LOW HITPOINT WARNING * * *
You feel much better.
You hear some strange, mumbled words.
A shard of ice appears from out of thin air!
The shard of ice misses you.
The ice devil hits you but does no damage.
The orc high priest hits you with a +0 trident.
The orc warlord hits you with a +2 vampiric war axe!
* * * LOW HITPOINT WARNING * * *
The ice devil hits you!
* * * LOW HITPOINT WARNING * * *
The ice devil freezes you!!
You die...

##.# , , , ##...###
.#......# ##....#.##
*.......# #........#
##......# .........##
...[.).## #.........##
#.....$.#
#......<...#*#$.....,
#..........##*#$4o## *
..........#.####@44##.#
...............o){....#*
#............>.(##.....#
.................#....##
#....................##
##......†..........###
#.............#.....#*
##............#......#
*#..................## *


You could see an orc warlord, an orc high priest (strong), a hellwing (summoned)
and 2 ice devils.

Vanquished Creatures
  A tengu warrior (D:9)
  2 deep elf magi (Orc:1)
  An orc sorcerer (Orc:1)
  A komodo dragon (D:8)
  A troll (Orc:1)
  A wyvern (D:8)
  A water moccasin (D:9)
  3 orc warriors
  A phantom (D:6)
  An ice beast (D:9)
  2 ogres
  3 centaurs (D:8)
  A big kobold (D:9)
  4 bullfrogs
  A gnoll sergeant (Orc:1)
  2 scorpions
  A water moccasin skeleton (D:9)
  5 howler monkeys
  A bullfrog zombie (D:9)
  A hound (D:8)
  Crazy Yiuf (D:3)
  2 orc wizards
  A bullfrog skeleton (D:9)
  An iguana (D:5)
  A worker ant (D:8)
  3 gnolls (D:5)
  5 adders
  3 shadow imps
  A white imp (D:6)
  A dart slug (D:3)
  6 leopard geckos
  5 orcs
  2 bats (D:2)
  3 giant cockroaches
  3 goblins
  3 hobgoblins
  2 kobolds (D:9)
  4 quokkas
  A frilled lizard (D:2)
  8 rats
  A fungus (D:3)
91 creatures vanquished.

Notes
Turn   | Place    | Note
-------+----------+-------------------------------------------
     0 | D:1      | EnegeticOcto the Deep Dwarf Fighter began the quest for the
                  | Orb.
     0 | D:1      | Reached XP level 1. HP: 20/20 MP: 1/1
   104 | D:2      | Reached skill level 3 in Axes
   104 | D:2      | Reached XP level 2. HP: 24/27 MP: 2/2
   246 | D:3      | Reached skill level 4 in Axes
   246 | D:3      | Reached XP level 3. HP: 18/33 MP: 3/3
   360 | D:3      | Found a runed translucent door.
   361 | D:3      | Noticed Crazy Yiuf
   372 | D:3      | Killed Crazy Yiuf
   372 | D:3      | Reached XP level 4. HP: 26/40 MP: 3/3
   462 | D:5      | Entered Level 5 of the Dungeon
   468 | D:5      | Reached skill level 5 in Axes
   498 | D:5      | Reached XP level 5. HP: 37/46 MP: 4/4
   512 | D:5      | Noticed a phantom
   578 | D:6      | Killed a phantom
   578 | D:6      | Reached skill level 6 in Axes
   623 | D:6      | Found a staircase to the Ecumenical Temple.
   628 | Temple   | Entered the Ecumenical Temple
   652 | Temple   | Became a worshipper of Elyvilon the Healer
   691 | D:6      | Reached skill level 7 in Axes
   691 | D:6      | Reached skill level 1 in Invocations
   691 | D:6      | Reached XP level 6. HP: 43/55 MP: 5/5
   741 | D:8      | Noticed an orc warrior
   760 | D:8      | Reached XP level 7. HP: 36/61 MP: 5/5
   765 | D:8      | Reached skill level 8 in Axes
   859 | D:8      | Reached skill level 9 in Axes
   861 | D:8      | Reached skill level 5 in Invocations
   886 | D:8      | Reached XP level 8. HP: 58/68 MP: 7/7
   986 | D:8      | Noticed a komodo dragon
  1003 | D:8      | Killed a komodo dragon
  1003 | D:8      | Reached skill level 10 in Axes
  1042 | D:7      | Reached * piety under Elyvilon
  1151 | D:9      | Found Ymaif's Armour Emporium.
  1223 | D:9      | Reached skill level 11 in Axes
  1250 | D:9      | Gained mutation: You passively map the area around you.
                  | [Deep Dwarf growth]
  1250 | D:9      | Reached XP level 9. HP: 44/74 MP: 10/10
  1327 | D:9      | Reached ** piety under Elyvilon
  1336 | D:9      | Noticed a tengu warrior
  1338 | D:9      | Noticed a tengu conjurer
  1348 | D:9      | Pacified a tengu conjurer
  1380 | D:9      | Killed a tengu warrior
  1380 | D:9      | Reached skill level 12 in Axes
  1393 | D:9      | Found a staircase to the Orcish Mines.
  1411 | Orc:1    | Entered Level 1 of the Orcish Mines
  1411 | Orc:1    | Noticed a troll
  1426 | Orc:1    | Killed a troll
  1434 | Orc:1    | Noticed a deep elf knight
  1434 | Orc:1    | Noticed a deep elf mage
  1434 | Orc:1    | Noticed a deep elf mage
  1435 | Orc:1    | Noticed an orc warlord
  1437 | Orc:1    | Noticed an orc sorcerer
  1440 | Orc:1    | Noticed a red devil
  1441 | Orc:1    | Killed a deep elf mage
  1444 | Orc:1    | Noticed a red devil
  1447 | Orc:1    | Noticed a rust devil
  1448 | Orc:1    | Noticed a soul eater
  1449 | Orc:1    | Noticed a sixfirhy
  1449 | Orc:1    | Killed a deep elf mage
  1449 | Orc:1    | Reached skill level 13 in Axes
  1456 | Orc:1    | Reached XP level 10. HP: 79/81 MP: 13/13
  1469 | Orc:1    | Killed an orc sorcerer
  1469 | Orc:1    | Reached skill level 10 in Invocations
  1471 | Orc:1    | Noticed an orc high priest
  1497 | Orc:1    | Slain by an ice devil

Illustrated notes

Levels and vault maps discovered:
D:1:      dpeg_arrival_ratfight, layout_loops_ring
D:2:      layout_basic, minmay_misc_feat_rows
D:3:      cheibrodos_helix_gallery, layout_loops_corners, chequers_jeans,
          uniq_robin, uniq_crazy_yiuf_cottage
D:4:      layout_rooms
D:5:      layout_basic, minivault_5
D:6:      layout_basic, nicolae_overflow_hidden_temple, temple_statues,
          uniq_menkaure, uniq_edmund, uniq_blork_the_orc
D:7:      layout_basic
D:8:      layout_layer_cave, erik_lair_dragon, grunt_ministairs_1
D:9:      layout_rooms, orc_0_dummy, serial_shops, kennysheep_mini,
          minmay_misc_feat_four_crosses, hangedman_fish_farm, uniq_pikel
Temple:   nicolae_temple_the_god_donut
Orc:1:    layout_caves, elf_legates

Skill      XL: |  1  2  3  4  5  6  7  8  9 10 |
---------------+-------------------------------+-----
Axes           | 3 4 5 7 9 11 13 | 13.4
Invocations    | 1 3 5 7 9 10 | 10.2
Fighting       | |  2.6
Armour         | |  3.2
Shields        | |  3.2

Action                   |  1- 3 |  4- 6 |  7- 9 | 10-12 || total
-------------------------+-------+-------+-------+-------++-------
Melee: War axe           |    70 |    91 |   182 |    20 ||   363
Invok: Lesser Healing    |       |       |     7 |       ||     7
       Heal Other        |       |       |     1 |       ||     1
 Abil: Heal Wounds       |     1 |     9 |    23 |    15 ||    48
Evoke: Wand              |       |     2 |     4 |       ||     6
  Use: Scroll            |       |     5 |     4 |       ||     9
       Potion            |       |       |     4 |       ||     4
Armor: Scale mail        |    39 |    66 |     3 |       ||   108
       Plate armour      |       |       |   118 |    15 ||   133
Dodge: Dodged            |    24 |    37 |    47 |     5 ||   113
Block: Kite shield       |    49 |    63 |   117 |    18 ||   247

Table legend: (Time is in decaauts)
 A = Elapsed time spent in this place.
 B = Non-inter-level travel time spent in this place.
 C = Inter-level travel time spent in this place.
 D = Time resting spent in this place.
 E = Time spent auto-exploring this place.
 F = Levels seen in this place.
 G = Mean time per level.
                   A        B        C        D        E       F      G
               +--------+--------+--------+--------+--------+-----+--------+
         Total |   1536 |   1488 |     48 |      0 |      0 |  11 |  139.6 |
       Dungeon |   1423 |   1375 |     48 |      0 |      0 |   9 |  158.1 |
        Temple |     48 |     48 |      0 |      0 |      0 |   1 |   48.0 |
  Orcish Mines |     63 |     63 |      0 |      0 |      0 |   1 |   63.0 |
               +--------+--------+--------+--------+--------+-----+--------+

Top non-repeatable levels by time:
     D:8: 364 daAuts
     D:9: 279 daAuts
     D:3: 235 daAuts
     D:2: 161 daAuts
     D:6: 157 daAuts
     D:1: 86 daAuts
     D:5: 70 daAuts
   Orc:1: 63 daAuts
     D:7: 62 daAuts
  Temple: 48 daAuts
     D:4: 5 daAuts
